 Dungeon Crawl Stone Soup version 0.19.1-1-g22dce08 (webtiles) character file.

62 Colliwobble the Firebug (level 3, -2/24 HPs)
             Began as a Demonspawn Fire Elementalist on Jan 1, 2017.
             Was a Believer of Lugonu.
             Slain by a worker ant (6 damage)
             ... on level 3 of the Dungeon.
             The game lasted 00:06:08 (2218 turns).

Colliwobble the Firebug (DsFE)                      Turns: 2218, Time: 00:06:09

Health: -2/24      AC:  4    Str:  8    XL:     3   Next: 85%
Magic:  3/6        EV: 12    Int: 17    God:    Lugonu [**....]
Gold:   46         SH:  0    Dex: 13    Spells: 2 memorised, 3 levels left

rFire  . . .     SeeInvis .     l - +0 short sword
rCold  . . .     Gourm    .     a - +0 robe
rNeg   . . .     Faith    .     (no shield)
rPois  .         Spirit   .     (no helmet)
rElec  .         Reflect  .     (no cloak)
rCorr  .         Harm     .     (no gloves)
MR     .....                    (no boots)
Stlth  ++........               (no amulet)
                                (no ring)
                                (no ring)

@: lethally poisoned (-2 -> -6)
A: icy blue scales 1
a: Depart the Abyss, Bend Space, Renounce Religion


You were on level 3 of the Dungeon.
You worshipped Lugonu.
Lugonu was pleased with you.
You were very hungry.

You visited 1 branch of the dungeon, and saw 3 of its levels.

You collected 46 gold pieces.

Inventory:

Hand Weapons
 f - a +0 dagger of protection
 l - a +0 short sword (weapon)
Armour
 a - a +0 robe (worn)
Scrolls
 d - 2 scrolls of remove curse {unknown}
 e - a scroll of fog {unknown}
 g - a scroll of enchant weapon {unknown}
Potions
 h - 3 potions of curing {unknown}
 i - a potion of heal wounds {unknown}
 k - a potion of mutation {unknown}
Books
 b - a book of Flames

   Spells                             Type                      Level
   a - Flame Tongue                   Conjuration/Fire             1
   b - Throw Flame                    Conjuration/Fire             2
   c - Conjure Flame                  Conjuration/Fire             3
   d - Inner Flame                    Hexes/Fire                   3
   e - Sticky Flame                   Conjuration/Fire             4
   f - Fireball                       Conjuration/Fire             5
Comestibles
 c - a bread ration
 j - a meat ration


   Skills:
 - Level 1.7 Dodging
 - Level 1.7 Stealth
 - Level 2.0 Spellcasting
 + Level 2.7 Conjurations
 + Level 3.6 Fire Magic


You had 3 spell levels left.
You knew the following spells:

 Your Spells              Type           Power        Failure   Level  Hunger
a - Flame Tongue          Conj/Fire      ##...        6%          1    #......
b - Throw Flame           Conj/Fire      ##....       10%         2    ###....


Dungeon Overview and Level Annotations

Branches:
Dungeon (3/15)

Altars:
The Shining One
Lugonu


Innate Abilities, Weirdness & Mutations

You are partially covered in icy blue scales. (AC +2)


Message History

* * * LOW HITPOINT WARNING * * *
You hit the worker ant but do no damage.
The worker ant is heavily wounded.
* * * LOW HITPOINT WARNING * * *
You feel sick. The worker ant bites you.
* * * LOW HITPOINT WARNING * * *
You hit the worker ant but do no damage.
The worker ant is heavily wounded.
The worker ant barely misses you. The worker ant completely misses you.
You barely miss the worker ant.
The worker ant is heavily wounded.
* * * LOW HITPOINT WARNING * * *
You feel sick. The worker ant barely misses you.
You closely miss the worker ant.
The worker ant is heavily wounded.
The worker ant bites you but does no damage.
You hit the worker ant but do no damage.
The worker ant is heavily wounded.
The worker ant bites you.
You die...

### #..
#.# #.#
#.# #a#
#@# #.###
#...#
....$.##.#
###### #.#
#.#
#.######
#......#
######.#


You could see a worker ant.

Vanquished Creatures
  A worm (D:2)
  A leopard gecko (D:1)
  5 bats
  4 giant cockroaches
  9 goblins
  9 hobgoblins
  3 jackals (D:1)
  4 frilled lizards
  9 kobolds
  6 rats
51 creatures vanquished.

Notes
Turn   | Place    | Note
-------+----------+-------------------------------------------
     0 | D:1      | Colliwobble the Demonspawn Fire Elementalist began the quest for the Orb.
     0 | D:1      | Reached XP level 1. HP: 13/13 MP: 3/3
   125 | D:1      | Reached skill level 3 in Fire Magic
   261 | D:1      | Gained mutation: You are partially covered in icy blue scales. (AC +2) [demonic ancestry]
   261 | D:1      | Reached XP level 2. HP: 18/19 MP: 5/5
   265 | D:1      | Learned a level 2 spell: Throw Flame
   664 | D:1      | Reached XP level 3. HP: 24/24 MP: 6/6
  1879 | D:2      | Found a faded altar of an unknown god.
  1913 | D:2      | Became a worshipper of Lugonu the Unformed
  1913 | D:2      | Reached * piety under Lugonu
  1913 | D:2      | Reached ** piety under Lugonu
  1979 | D:2      | Found a glowing golden altar of the Shining One.
  2218 | D:3      | Slain by a worker ant

Skill      XL: |  1  2 |
---------------+-------+-----
Fire Magic     | 3 |  3.6
Conjurations   | 2 |  2.7
Dodging        | |  1.7
Stealth        | |  1.7
Spellcasting   | |  2.0

Action                   || total
-------------------------++-------
Melee: Dagger            ||   257
       Short sword       ||    11
 Cast: Flame Tongue      ||    22
       Throw Flame       ||     1
 Stab: Sleeping          ||     3
       Distracted        ||     1
  Eat: Chunk             ||     4
Armor: Robe              ||    96
Dodge: Dodged            ||   191
